 Dungeon Crawl Stone Soup version 0.18-a0-1425-g646b864 (webtiles) character file.

5650 KarvaRausku the Destroyer (level 10, -8/63 HPs)
             Began as a High Elf Conjurer on Feb 25, 2016.
             Was a Priest of Sif Muna.
             Mangled by Reinor's ghost (18 damage)
             ... on level 9 of the Dungeon on Feb 27, 2016.
             The game lasted 01:10:35 (9823 turns).

KarvaRausku the Destroyer (High Elf Conjurer)       Turns: 9823, Time: 01:10:35

Health: -8/63      AC:  7    Str:  7    XL:     10   Next: 46%
Magic:  9/22       EV: 12    Int: 23    God:    Sif Muna [***...]
Gold:   583        SH:  0    Dex: 16    Spells: 7 memorised, 2 levels left

rFire  . . .     SeeInvis .     x - +1 short sword (holy)
rCold  . . .     Gourm    +     w - +1 robe {rN+}
rNeg   + . .     Faith    .     (no shield)
rPois  .         Spirit   .     (no helmet)
rElec  .         Dismiss  .     M - +1 cloak
rCorr  .         Reflect  .     Q - +0 pair of gloves
SustAt .         Harm     .     (no boots)
MR     ++...                    v - amulet of the gourmand
Stlth  +++.......               e - ring of stealth
                                n - ring of protection from magic

@: very resistant to hostile enchantments, fairly stealthy
A: icy blue scales 1
a: Channel Energy, Renounce Religion


You were on level 9 of the Dungeon.
You worshipped Sif Muna.
Sif Muna was most pleased with you.
You were completely stuffed.

You visited 2 branches of the dungeon, and saw 10 of its levels.

You collected 661 gold pieces.
You spent 78 gold pieces at shops.

Inventory:

Hand Weapons
 i - a +1 spear
 s - a +0 quarterstaff
 t - a +0 rapier
 x - a +1 short sword of holy wrath (weapon)
 W - a cursed -3 falchion
Missiles
 C - 4 exploding tomahawks (quivered)
 S - 12 poisoned tomahawks
Armour
 a - a +0 robe
 q - a +0 robe
 w - a +1 robe of positive energy (worn)
 y - a +0 leather armour of cold resistance
 I - a +0 pair of gloves
 M - a +1 cloak (worn)
 Q - a +0 pair of gloves (worn)
 V - a +2 robe of magic resistance
Jewellery
 e - a ring of stealth (right hand)
 n - a ring of protection from magic (left hand)
 u - an uncursed ring of protection from fire
 v - an amulet of the gourmand (around neck)
 z - an uncursed ring of flight
 L - an uncursed ring of protection from magic
Wands
 p - a wand of paralysis (16/24)
 H - a wand of flame (48/48)
Scrolls
 f - 2 scrolls of amnesia
 g - 7 scrolls of identify
 h - 6 scrolls of remove curse
 j - a scroll of enchant weapon
 o - a scroll of enchant armour
 D - 2 scrolls of fear {unknown}
 E - a scroll of random uselessness
 F - 2 scrolls of magic mapping
 K - 2 scrolls of fog
 O - 3 scrolls of noise
 R - a scroll of teleportation
Potions
 k - a potion of ambrosia
 r - 5 potions of agility
 A - a potion of brilliance
 G - 5 potions of curing
 J - a potion of cancellation
 T - a potion of haste {unknown}
Books
 b - a book of Conjurations

   Spells                             Type                      Level
   a - Magic Dart                     Conjuration                  1
   b - Searing Ray                    Conjuration                  2
   c - Dazzling Spray                 Conjuration/Hexes            3
   d - Fulminant Prism                Conjuration/Hexes            4
   e - Iskenderun's Mystic Blast      Conjuration                  4
   f - Iskenderun's Battlesphere      Conjuration/Charms           5
 B - a book of Necromancy

   Spells                             Type                      Level
   a - Pain                           Necromancy                   1
   b - Animate Skeleton               Necromancy                   1
   c - Vampiric Draining              Necromancy                   3
   d - Regeneration                   Charms/Necromancy            3
   e - Animate Dead                   Necromancy                   4
   f - Control Undead                 Necromancy                   4
 P - a Fen Folio

   Spells                             Type                      Level
   a - Corpse Rot                     Necromancy                   2
   b - Stone Arrow                    Conjuration/Earth            3
   c - Leda's Liquefaction            Hexes/Earth                  4
   d - Summon Forest                  Summoning/Translocation      5
   e - Hydra Form                     Transmutation                6
   f - Summon Hydra                   Summoning                    7
Comestibles
 c - 8 bread rations
 d - 4 beef jerkies
 l - 4 meat rations
 m - 2 royal jellies
 N - 5 fruits
 U - 4 chunks of flesh


   Skills:
 - Level 3.7 Fighting
 - Level 3.1 Short Blades
 + Level 7.8 Dodging
 - Level 2.1 Stealth
 + Level 7.6 Spellcasting
 + Level 12.2 Conjurations
 - Level 2.4 Charms
 * Level 2.6 Necromancy


You had 2 spell levels left.
You knew the following spells:

 Your Spells              Type           Power        Failure   Level  Hunger
a - Magic Dart            Conj           ####         1%          1    None
b - Searing Ray           Conj           ######       1%          2    None
c - Iskenderun's Battles  Conj/Chrm      #####...     12%         5    #####..
d - Stone Arrow           Conj/Erth      #####.       1%          3    None
e - Iskenderun's Mystic   Conj           ######..     1%          4    ###....
f - Regeneration          Chrm/Necr      ###.......   10%         3    None
g - Animate Dead          Necr           N/A          24%         4    ###....


Dungeon Overview and Level Annotations

Branches:
Dungeon (9/15)             Temple (1/1) D:7
   Lair: D:8-11         Orc: D:9-12

Altars:
Ashenzari
Cheibriados
Dithmenos
Elyvilon
Fedhas
Gozag
Kikubaaqudgha
Makhleb
Nemelex Xobeh
Okawaru
Pakellas
Qazlal
Ru
Sif Muna
Trog
Vehumet
Xom
Yredelemnul
Zin
The Shining One

Shops:
D:5 *   D:6 :

Annotations:
D:9 Reinor's ghost, novice SpAK


Innate Abilities, Weirdness & Mutations

You are partially covered in icy blue scales (AC +1).


Message History

Beogh smites you!
You wake up.
Reinor's ghost completely misses you.
Reinor's ghost points at you and mumbles some strange words.
You fall asleep.
Reinor's ghost hits you!
You wake up.
You are electrocuted!
A scorpion comes into view.
Reinor's ghost closely misses you.
Drink which item? (? for menu, Esc to quit)
You feel better. Reinor's ghost casts a spell at you.
You resist with almost no effort. The orc priest hits you with a club.
Reinor's ghost casts a spell at you. You resist with almost no effort.
Reinor's ghost hits you but does no damage.
You are electrocuted!
* * * LOW HITPOINT WARNING * * *
There is an escape hatch in the ceiling here.
Reinor's ghost hits you.
* * * LOW HITPOINT WARNING * * *
You are electrocuted!
You die...

#..........#.)...........#.......
#..........#.........###'#...)...
#..........######...>#...........
#...#+###.......######...........
....# #........................
###.# #......................##
#.# #......................#
#.#####.......sW.............#
#.....[.......@o.............#
#...#################........#
#...# #........# ##### #....#####
######


You could see a scorpion, an orc priest and Reinor's ghost.

Vanquished Creatures
  The ghost of Arkorax the Basher, a novice TeAK of Lugonu (D:8)
  A two-headed ogre (D:9)
  A troll (D:9)
  A wraith (D:7)
  2 yaks
  Grum (D:9)
  Menkaure (D:4)
  2 wolves (D:9)
  An ice beast (D:9)
  A phantom (D:7)
  5 ogres
  A necrophage (D:7)
  3 orc warriors
  4 centaurs
  2 big kobolds (D:9)
  5 giant frogs
  4 scorpions
  3 killer bees (D:7)
  The ghost of ThermosAquaticus the Shooter, a weakling CeHu (D:3)
  12 wights
  3 howler monkeys (D:7)
  A crimson imp (D:5)
  2 orc priests
  4 hounds
  A jelly (D:7)
  A centaur skeleton (D:7)
  3 iguanas
  8 orc wizards
  4 worker ants
  2 sheep (D:8)
  8 gnolls
  13 adders
  2 shadow imps
  2 oozes
  2 adder zombies
  An adder skeleton (D:7)
  A worm (D:2)
  2 dart slugs
  3 giant geckos
  28 orcs
  2 ball pythons
  5 bats
  8 giant cockroaches
  4 goblins
  12 hobgoblins
  7 jackals
  6 kobolds
  6 quokkas
  A giant gecko skeleton (D:4)
  3 giant newts
  A quokka skeleton (D:8)
  9 rats
207 creatures vanquished.

Notes
Turn   | Place    | Note
--------------------------------------------------------------
     0 | D:1      | KarvaRausku the High Elf Conjurer began the quest for the Orb.
     0 | D:1      | Reached XP level 1. HP: 11/11 MP: 4/4
   173 | D:1      | Reached XP level 2. HP: 12/17 MP: 2/6
   301 | D:1      | Learned a level 2 spell: Searing Ray
   624 | D:1      | Reached XP level 3. HP: 19/21 MP: 4/8
  1087 | D:2      | Reached skill level 1 in Fighting
  1101 | D:2      | Reached skill level 5 in Conjurations
  1450 | D:2      | Reached XP level 4. HP: 23/28 MP: 5/10
  1480 | D:2      | Upgraded the game from 0.18-a0-1408-g69e564c to 0.18-a0-1414-gcd7f35e
  1608 | D:2      | Found a shadowy altar of Dithmenos.
  2185 | D:3      | Reached XP level 5. HP: 21/34 MP: 1/12
  2607 | D:3      | Noticed ThermosAquaticus's ghost (weakling CeHu)
  2625 | D:3      | Killed ThermosAquaticus's ghost
  2734 | D:4      | Noticed an ogre
  2741 | D:4      | Killed an ogre
  2741 | D:4      | Reached skill level 1 in Short Blades
  2741 | D:4      | Reached XP level 6. HP: 33/41 MP: 4/14
  2743 | D:4      | Found a sparkling altar of Nemelex Xobeh.
  2788 | D:3      | Reached skill level 6 in Conjurations
  3018 | D:4      | Reached skill level 5 in Spellcasting
  3098 | D:4      | Found a radiant altar of Vehumet.
  3098 | D:4      | Found a shattered altar of Ashenzari.
  3098 | D:4      | Found an oddly glowing altar of Pakellas.
  3158 | D:4      | Learned a level 5 spell: Iskenderun's Battlesphere
  3381 | D:3      | Upgraded the game from 0.18-a0-1414-gcd7f35e to 0.18-a0-1425-g646b864
  3705 | D:4      | Reached XP level 7. HP: 44/46 MP: 10/15
  3714 | D:4      | Found a glowing silver altar of Zin.
  3714 | D:4      | Found an opulent altar of Gozag.
  3886 | D:4      | Noticed Menkaure
  3894 | D:4      | Killed Menkaure
  3894 | D:4      | Reached skill level 7 in Conjurations
  4445 | D:5      | Entered Level 5 of the Dungeon
  4530 | D:5      | Found Upeshrist's General Store.
  4533 | D:5      | Bought a potion of degeneration for 13 gold pieces
  4538 | D:5      | Bought a scroll of identify for 26 gold pieces
  4538 | D:5      | Bought a potion of curing for 39 gold pieces
  4647 | D:5      | Reached XP level 8. HP: 54/54 MP: 13/17
  4674 | D:5      | Reached skill level 8 in Conjurations
  4774 | D:5      | Found a basalt altar of Yredelemnul.
  4829 | D:5      | Found a white marble altar of Elyvilon.
  5149 | D:6      | Found Ofomiuq's Book Shoppe.
  5239 | D:6      | Learned a level 2 spell: Corpse Rot
  5479 | D:6      | Found a shadowy altar of Dithmenos.
  5479 | D:6      | Found a stormy altar of Qazlal.
  5480 | D:6      | Found a blossoming altar of Fedhas.
  5514 | D:6      | Found an iron altar of Okawaru.
  5515 | D:6      | Found a shimmering altar of Xom.
  5624 | D:6      | Found a deep blue altar of Sif Muna.
  5627 | D:6      | Became a worshipper of Sif Muna the Loreminder
  5745 | D:7      | Reached skill level 9 in Conjurations
  5778 | D:7      | Found a staircase to the Ecumenical Temple.
  6196 | D:7      | Reached * piety under Sif Muna
  6196 | D:7      | Reached skill level 5 in Dodging
  6196 | D:7      | Reached skill level 10 in Conjurations
  6544 | D:7      | Reached XP level 9. HP: 53/58 MP: 4/18
  6737 | D:7      | Learned a level 4 spell: Iskenderun's Mystic Blast
  7265 | D:7      | Reached skill level 1 in Charms
  7725 | D:7      | Learned a level 3 spell: Regeneration
  7814 | D:7      | Reached ** piety under Sif Muna
  7814 | D:7      | Reached skill level 11 in Conjurations
  7918 | Temple   | Entered the Ecumenical Temple
  8045 | D:8      | Gained mutation: You are partially covered in icy blue scales (AC +1). [potion of beneficial mutation]
  8277 | D:8      | Noticed Arkorax's ghost (novice TeAK)
  8582 | D:8      | Killed Arkorax's ghost
  8755 | D:9      | Noticed Grum
  8760 | D:9      | Killed Grum
  8762 | D:9      | Reached XP level 10. HP: 63/63 MP: 9/20
  8939 | D:9      | Reached *** piety under Sif Muna
  8976 | D:9      | Reached skill level 12 in Conjurations
  8996 | D:9      | Learned a level 4 spell: Animate Dead
  9123 | D:9      | Learned a level 3 spell: Stone Arrow
  9240 | D:8      | Reached skill level 1 in Necromancy
  9776 | D:9      | Noticed Reinor's ghost (novice SpAK)
  9823 | D:9      | Mangled by Reinor's ghost

Vault maps used:
D:1:      minmay_arrival_split_and_join, minivault_26
D:2:      minmay_door_path, serial_glass, glass_columns_c, glass_columns_a,
          glass_columns_a, glass_columns_c, serial_bayou_pond_d,
          grunt_dithmenos_smoke_and_mirrors
D:4:      grunt_temple_overflow_gold_and_silver, grunt_temple_overflow_open,
          serial_corexii_hall, corexii_hall_statues_t, corexii_hall_statues_i,
          uniq_menkaure
D:5:      kennysheep_ying_yang, first_bread, serial_shops, kennysheep_mini
D:6:      lemuel_blue_sif_altar, gammafunk_temple_overflow_claw,
          gammafunk_temple_overflow_statue, serial_shops, kennysheep_little_box
D:7:      temple_pool_b, hangedman_decor_push
D:9:      lemuel_insect_pit, hangedman_ranch, uniq_grum
Temple:   circular_temple_6

Skill      XL: |  1  2  3  4  5  6  7  8  9 10 |
---------------+-------------------------------+-----
Spellcasting   | 3 4 5 6 7 |  7.6
Fighting       | 1 2 3 |  3.7
Conjurations   | 5 6 7 10 11 12 | 12.2
Short Blades   | 1 2 3 |  3.1
Dodging        | 3 5 7 |  7.8
Charms         | 2 |  2.4
Necromancy     | 2 |  2.6
Stealth        | |  2.1

Action                   |  1- 3 |  4- 6 |  7- 9 | 10-12 || total
-------------------------+-------+-------+-------+-------++-------
Melee: Unarmed           |    23 |       |       |       ||    23
       Short sword       |       |     9 |    65 |    27 ||   101
 Cast: Magic Dart        |    71 |    89 |   135 |    63 ||   358
       Searing Ray       |     1 |    19 |    52 |     5 ||    77
       Corpse Rot        |       |       |     3 |       ||     3
       Iskenderun's Myst |       |       |     7 |     1 ||     8
       Iskenderun's Batt |       |       |     6 |    10 ||    16
       Stone Arrow       |       |       |       |     2 ||     2
       Regeneration      |       |       |       |     1 ||     1
Invok: Channel Energy    |       |       |       |     1 ||     1
  Use: Scroll            |       |     2 |    14 |     1 ||    17
       Potion            |       |     3 |     5 |     1 ||     9
  Eat: Chunk             |     1 |    22 |    18 |     8 ||    49
